 Dungeon Crawl Stone Soup version 0.28.0-53-g5a82cb258f (webtiles) character file.

Game seed: 6929688639983270860

4432 cbfl8 the Basher (level 10, -2/65 HPs)
             Began as a Gargoyle Berserker on July 21, 2022.
             Was an Elder of Trog.
             Slain by an acid dragon (8 damage)
             ... on level 8 of the Dungeon.
             The game lasted 00:10:13 (8972 turns).

cbfl8 the Basher (Gargoyle Berserker)               Turns: 8972, Time: 00:10:14

Health: -2/65      AC: 18    Str: 21    XL:     10   Next: 36%
Magic:  10/10      EV:  9    Int: 11    God:    Trog [****..]
Gold:   366        SH:  0    Dex: 13    Spells: 9/9 levels left

rFire   + . .      SeeInvis .   I - +0 war axe
rCold   . . .      Faith    .   (no shield)
rNeg    + . .      Spirit   .   n - +0 chain mail
rPois   ∞          Reflect  .   H - +1 helmet {Int+3}
rElec   +          Harm     .   (no cloak)
rCorr   .          Rampage  .   y - +0 pair of gloves
Will    +....                   i - +0 pair of boots
Stlth   ..........              (no amulet)
HPRegen 0.20/turn               r - ring of protection from fire
MPRegen 0.12/turn               J - ring of willpower

@: corroded
A: sickness immunity, AC +7, negative energy resistance 1, electricity
resistance, torment resistance 1, petrification resistance
a: Renounce Religion, Berserk, Trog's Hand, Brothers in Arms


You were on level 8 of the Dungeon.
You worshipped Trog.
Trog was greatly pleased with you.
You visited 1 branch of the dungeon, and saw 8 of its levels.

You collected 366 gold pieces.

Inventory:

Hand Weapons
 a - a +0 hand axe
 m - a +2 mace of draining
 I - a +0 war axe (weapon)
Missiles
 o - 3 throwing nets
Armour
 b - a +0 animal skin
 d - a +0 leather armour
 i - a +0 pair of boots (worn)
 n - a +0 chain mail (worn)
 x - a +0 helmet
 y - a +0 pair of gloves (worn)
 H - a +1 helmet of intelligence (worn)
Jewellery
 r - a ring of protection from fire (left hand)
 D - a ring of protection from fire
 J - a ring of willpower (right hand)
Wands
 k - a wand of flame (23) (quivered)
 v - a wand of iceblast (14)
 E - a wand of acid (14)
 F - a wand of paralysis (6)
Scrolls
 c - 5 scrolls of vulnerability
 f - 2 scrolls of fog
 g - a scroll of silence {unknown}
 h - 3 scrolls of blinking {unknown}
 j - a scroll of magic mapping {unknown}
 l - 2 scrolls of amnesia
 s - 8 scrolls of teleportation
 C - 2 scrolls of fear {unknown}
 K - a scroll of immolation {unknown}
Potions
 e - 4 potions of mutation
 p - 3 potions of flight {unknown}
 q - a potion of might {unknown}
 t - 2 potions of curing
 u - 3 potions of brilliance
 w - a potion of lignification {unknown}
 z - a potion of attraction {unknown}
 A - 2 potions of heal wounds {unknown}
 B - a potion of experience {unknown}
 G - a potion of cancellation {unknown}


   Skills:
 * Level 8.4 Fighting
 + Level 4.4(6.7) Axes
 + Level 8.6(9.2) Maces & Flails
 + Level 6.3 Armour
 + Level 3.8 Dodging
 + Level 1.7 Stealth
 * Level 4.5 Evocations


You had 9 spell levels left.
You didn't know any spells.
Your spell library was empty.

Dungeon Overview and Level Annotations

Branches:
Dungeon (8/15)             Temple (0/1) D:6
   Lair: D:8-11

Altars:
Ashenzari
Cheibriados
Dithmenos
Hepliaklqana
Trog
Yredelemnul
Zin
Beogh

Shops:
D:4 [


Innate Abilities, Weirdness & Mutations

You are immune to sickness and miasma.
Your stone body is resilient. (AC +7)
You are immune to poison.
You resist negative energy. (rN+)
You are resistant to electric shocks. (rElec)
You are resistant to unholy torment.
You are immune to petrification.


Message History

Trog accepts your kill.
No target in view!
Found an escape hatch in the ceiling.
Found an escape hatch in the floor.
No target in view!
Found a stone staircase leading up.
An acid dragon comes into view.
The acid dragon roars!
The acid dragon barely misses you. The acid dragon closely misses you.
An acid dragon is nearby!
You slash the acid dragon!
The acid dragon is heavily wounded.
The acid dragon barely misses you.
The acid dragon claws you but does no damage.
An acid dragon is nearby!
You slash the acid dragon!
The acid dragon is almost dead.
The acid dragon spits acid at you. The splash of acid hits you!
The acid corrodes you! The acid dragon bites you.
The acid dragon claws you but does no damage.
An acid dragon is nearby!
You barely miss the acid dragon.
The acid dragon is almost dead.
The acid dragon spits acid at you. The splash of acid hits you!!
The acid corrodes you!
You are too injured to fight recklessly!
You hit the acid dragon but do no damage.
The acid dragon is almost dead.
The acid dragon bites you.
* * * LOW HITPOINT WARNING * * *
The acid dragon claws you but does no damage.
You barely miss the acid dragon.
The acid dragon is almost dead.
The acid dragon bites you!
* * * LOW HITPOINT WARNING * * *
The acid dragon claws you but does no damage.
You hit the acid dragon but do no damage.
The acid dragon is almost dead.
The acid dragon bites you!
You die...

# #)#.#
###.##.######## ##.##
# ##.#.#
#.............# #.# #
#....#######...#####.#
#.# #
#......##<##....# #.#
#.# #
#...####...#...##
#.####.#
########.♣.######
#......#
##...##...##... #
######.##
#<.♣..##.##D.♣.># #..#
##....##.##@...# ##.##
######.....##### #).#
#.......♣.## ##.#
##.#####...# #.. ##†)#
##.## ##. ##.#.### #.#
#. #.###<. ... #.
##.#.### ##...
###########.
##..######..#.
#.........'.


You could see an acid dragon (catching breath).

Vanquished Creatures
  An ugly thing (D:8)
  Maggie (D:6)
  Grinder (D:4)
  3 yaks (D:5)
  2 steam dragons
  2 ice beasts (D:5)
  3 orc warriors (D:8)
  A black bear (D:5)
  A sky beast (D:8)
  3 ogres
  A necrophage (D:8)
  A centaur (D:8)
  3 bullfrogs
  2 water moccasin zombies
  4 scorpions
  A wyvern skeleton (D:6)
  2 water moccasin skeletons (D:5)
  3 wights (D:6)
  2 howler monkeys
  2 centaur zombies
  2 bullfrog zombies (D:5)
  A jelly (D:8)
  2 hounds
  3 orc priests
  3 centaur skeletons
  Jessica (D:2)
  2 iguanas
  Terence (D:2)
  6 orc wizards
  A killer bee zombie (D:6)
  8 gnolls
  A howler monkey skeleton (D:4)
  5 adders
  A shadow imp (D:7)
  An ufetubus (D:6)
  A worm (D:3)
  32 orcs
  7 ball pythons
  2 endoplasms (D:2)
  5 giant cockroaches (D:1)
  8 goblins
  7 hobgoblins
  2 jackals (D:1)
  4 quokkas
  6 bats
  9 frilled lizards
  5 kobolds
  3 rats
168 creatures vanquished.

Notes
Turn   | Place    | Note
-------+----------+-------------------------------------------
     0 | D:1      | cbfl8 the Gargoyle Berserker began the quest for the Orb.
     0 | D:1      | Reached XP level 1. HP: 14/14 MP: 1/1
   263 | D:1      | Reached XP level 2. HP: 17/19 MP: 2/2
   774 | D:1      | Reached XP level 3. HP: 19/24 MP: 3/3
  1309 | D:1      | Found a faded altar of an unknown god.
  1568 | D:2      | Reached ** piety under Trog
  1579 | D:2      | Reached XP level 4. HP: 27/29 MP: 4/4
  1734 | D:2      | Noticed Jessica
  1752 | D:2      | Killed Jessica
  2030 | D:2      | Noticed Terence
  2037 | D:2      | Killed Terence
  2038 | D:2      | Reached XP level 5. HP: 33/33 MP: 5/5
  3226 | D:3      | Reached skill level 1 in Maces & Flails
  3226 | D:3      | Reached XP level 6. HP: 37/39 MP: 6/6
  3806 | D:4      | Reached skill level 1 in Stealth
  3893 | D:4      | Noticed Grinder
  3907 | D:4      | Killed Grinder
  3908 | D:4      | Reached XP level 7. HP: 44/44 MP: 7/7
  4073 | D:4      | Found Bapomemu's Antique Armour Shop.
  4722 | D:5      | Entered Level 5 of the Dungeon
  4736 | D:5      | Reached skill level 5 in Fighting
  4839 | D:5      | Reached skill level 1 in Evocations
  4876 | D:5      | Noticed a yak
  4876 | D:5      | Noticed a yak
  4876 | D:5      | Noticed a yak
  4881 | D:5      | Reached XP level 8. HP: 49/49 MP: 8/8
  4887 | D:5      | Killed a yak
  4893 | D:5      | Killed a yak
  4893 | D:5      | Reached *** piety under Trog
  4894 | D:5      | Reached skill level 5 in Maces & Flails
  4900 | D:5      | Killed a yak
  5161 | D:5      | Found a hazy altar of Hepliaklqana.
  5163 | D:5      | Found a broken altar of Ashenzari.
  5178 | D:5      | Reached XP level 9. HP: 56/56 MP: 9/9
  5477 | D:5      | Found a snail-covered altar of Cheibriados.
  5888 | D:6      | Reached skill level 5 in Armour
  6070 | D:6      | Found a staircase to the Ecumenical Temple.
  6195 | D:6      | Noticed Maggie
  6206 | D:6      | Killed Maggie
  6466 | D:6      | Found a glowing silver altar of Zin.
  6470 | D:6      | Found a basalt altar of Yredelemnul.
  6471 | D:6      | Found a bloodstained altar of Trog.
  7060 | D:7      | Paralysed by an orc wizard for 5 turns
  7073 | D:7      | Paralysed by something for 4 turns
  7165 | D:7      | Found a shadowy altar of Dithmenos.
  7695 | D:8      | Reached XP level 10. HP: 57/64 MP: 10/10
  7698 | D:8      | Reached **** piety under Trog
  7831 | D:8      | Noticed a purple ugly thing
  7843 | D:8      | Killed a purple ugly thing
  8972 | D:8      | Slain by an acid dragon

Illustrated notes

Levels and vault maps discovered:
D:1:      tarquinn_simple_flora_water_a, layout_basic,
          hellmonk_ecumenical_altar_defaced_shrine
D:2:      layout_loops_corners, hangedman_abyss_or_decor_stabs,
          kennysheep_jessica_study, uniq_terence
D:3:      layout_basic
D:4:      layout_loops_ring, serial_shops, nicolae_shop_hallway_plus,
          uniq_grinder
D:5:      layout_rooms, chei_slow_surprise, gammafunk_temple_overflow_statue
D:6:      layout_basic, grunt_temple_overflow_open, minmay_temple_entry_arrows,
          uniq_maggie
D:7:      layout_loops_ring, lemuel_crystal_altar
D:8:      layout_loops_corners, grunt_ministairs_4,
          kennysheep_opposing_triangles

Skill      XL: |  1  2  3  4  5  6  7  8  9 10 |
---------------+-------------------------------+-----
Axes           | 3 4 |  4.4
Dodging        | 2 3 |  3.8
Fighting       | 4 5 6 7 8 |  8.4
Armour         | 3 4 5 6 |  6.3
Maces & Flails | 1 3 4 6 8 |  8.6
Stealth        | 1 |  1.7
Evocations     | 1 2 4 |  4.5

Action                   |  1- 3 |  4- 6 |  7- 9 | 10-12 || total
-------------------------+-------+-------+-------+-------++-------
Melee: Hand axe          |   121 |    37 |       |       ||   158
       Punch             |     1 |     4 |     8 |     2 ||    15
       Mace              |       |    92 |   303 |    43 ||   438
       War axe           |       |       |       |    99 ||    99
Invok: Berserk           |     1 |     4 |     3 |     2 ||    10
       Trog's Hand       |       |     1 |     1 |       ||     2
  Use: Scroll            |       |       |     7 |       ||     7
Armor: Animal skin       |    13 |       |       |       ||    13
       Leather armour    |    45 |    48 |     7 |       ||   100
       Chain mail        |       |       |   264 |    98 ||   362
Dodge: Dodged            |   107 |    83 |   201 |    57 ||   448
